 Dungeon Crawl Stone Soup version 0.26.1-10-gdfb7c7de75 (webtiles) character file.

Game seed: 18117117471774435755

23 manyhoops the Ruffian (level 2, -2/25 HPs)
             Began as a Palentonga Transmuter on Apr 3, 2021.
             Slain by a gnoll
             ... wielding a +0 flail
              (6 damage)
             ... on level 1 of the Dungeon.
             The game lasted 00:01:06 (1145 turns).

manyhoops the Ruffian (Palentonga Transmuter)       Turns: 1145, Time: 00:01:06

Health: -2/25      AC:  5    Str: 13    XL:     2   Next: 75%
Magic:  4/5        EV: 10    Int: 13    God:
Gold:   24         SH:  0    Dex: 10    Spells: 4/5 levels left

rFire    . . .     SeeInvis +     - Unarmed
rCold    . . .     Faith    .   (no shield)
rNeg     . . .     Spirit   .   a - +0 robe
rPois    .         Reflect  .   (helmet currently unavailable)
rElec    .         Harm     .   (no cloak)
rCorr    .         Rampage  .   f - +0 pair of gloves
Will     .....                  (no barding)
Stlth    +.........             (no amulet)
HPRegen  0.08/turn              c - ring of wizardry
MPRegen  0.09/turn              (no ring)

@: appendages (expiring)
A: large, horns 2, talons 2, rugged brown scales 3, see invisible, deformed
body, roll 1, armoured tail
a: Rolling Charge, End Transformation


You were on level 1 of the Dungeon.
You had grown temporary horns.
You had grown temporary talons.
You visited 1 branch of the dungeon, and saw 1 of its levels.

You collected 24 gold pieces.

Inventory:

Armour
 a - a +0 robe (worn)
 f - a +0 pair of gloves (worn)
Jewellery
 c - a ring of wizardry (left hand)
Scrolls
 e - a scroll of remove curse
 g - 2 scrolls of teleportation
 j - a scroll of enchant armour {unknown}
 k - a scroll of magic mapping {unknown}
Potions
 b - 2 potions of lignification
 d - a potion of flight {unknown}
 h - a potion of cancellation {unknown}
 i - a potion of heal wounds {unknown}
 l - a potion of curing {unknown}


   Skills:
 * Level 1.7 Fighting
 - Level 1.5 Dodging
 + Level 3.7 Unarmed Combat
 - Level 2.0 Spellcasting
 - Level 2.0 Transmutations


You had 4 spell levels left.
You knew the following spells:

 Your Spells              Type           Power        Failure   Level
a - Beastly Appendage     Tmut           12%          4%          1

Your spell library contained the following spells:

 Spells                   Type           Power        Failure   Level
 Wereblood                Tmut           6%           7%          2
 Spider Form              Tmut/Pois      1%           21%         3
 Ice Form                 Ice/Tmut       3%           52%         4
 Blade Hands              Tmut           3%           73%         5


Dungeon Overview and Level Annotations

Branches:
Dungeon (1/15)

Altars:


Innate Abilities, Weirdness & Mutations

You are completely covered in rugged brown scales. (AC +3, +7% HP)
You have supernaturally acute eyesight. (SInv)
Armour fits poorly on your strangely shaped body.
You can roll at nearby foes to attack.
You have a long armoured tail.
You have a pair of horns on your head.
You have razor-sharp toenails.


Message History

The gnoll shouts!
A rat comes into view.
There are monsters nearby!
There are monsters nearby!
There are monsters nearby!
Casting: Beastly Appendage (safe; 4% risk of failure)
Confirm with . or Enter, or press ? or * to list all spells.
You grow a pair of large bovine horns.
Your feet morph into talons.
The gnoll hits you with a +0 flail!
You hit the gnoll. You claw the gnoll, but do no damage.
The gnoll is heavily wounded.
Your transformation is almost over.
The gnoll hits you with a +0 flail!
* * * LOW HITPOINT WARNING * * *
You closely miss the gnoll.
The gnoll is moderately wounded.
You barely miss the gnoll. You claw the gnoll, but do no damage.
The gnoll is moderately wounded.
The gnoll hits you with a +0 flail.
You die...

......# #.. g## # ......# #..
.. .# ...)..# #.####.#..
...†..# #....... ...##.#
#.##..# ...##.# #.##.# ...##.#
#....#
#####.#############..#########
#...).......@g.........>..
######.........####.....#####
........####.######....†....>#
#######......................#
#.....).####.###..........>..#
#......## #.##..##..........#
#.....## ###### ############
..###.#♣♣♣♣♣♣♣♣♣♣♣#### ###
#.'........[<♣#..#


You could see a gnoll.

Vanquished Creatures
  A leopard gecko (D:1)
  A giant cockroach (D:1)
  4 goblins (D:1)
  3 hobgoblins (D:1)
  3 kobolds (D:1)
  3 bats (D:1)
  4 frilled lizards (D:1)
  3 rats (D:1)
22 creatures vanquished.

Notes
Turn   | Place    | Note
-------+----------+-------------------------------------------
     0 | D:1      | manyhoops the Palentonga Transmuter began the quest for the
                  | Orb.
     0 | D:1      | Reached XP level 1. HP: 17/17 MP: 3/3
   254 | D:1      | Reached XP level 2. HP: 24/24 MP: 5/5
  1145 | D:1      | Slain by a gnoll

Illustrated notes

Levels and vault maps discovered:
D:1:      psy_arrival_fountain, layout_rooms, hangedman_abyss_or_decor_stabs,
          nrook_mini_backslash

Action                   || total
-------------------------++-------
Melee: Unarmed           ||    73
       Headbutt          ||     5
       Kick              ||     8
       Tailslap          ||     5
 Cast: Beastly Appendage ||     6
  Use: Scroll            ||     3
Armor: Robe              ||    38
Dodge: Dodged            ||    35
